 Dungeon Crawl Stone Soup version 0.29.0-13-gc9e81de378 (webtiles) character file.

Game seed: 7024051839412182099

77 ketsa the Conjurer (level 4, -24/27 HPs)
             Began as an Octopode Conjurer on Sept 8, 2022.
             Annihilated by an ogre
             ... wielding a +0 giant club
              (26 damage)
             ... on level 3 of the Dungeon.
             The game lasted 00:07:05 (3157 turns).

ketsa the Conjurer (Octopode Conjurer)              Turns: 3157, Time: 00:07:06

Health: -24/27     AC:  1    Str:  6    XL:     4   Next: 34%
Magic:  0/7        EV: 13    Int: 22    God:
Gold:   203        SH:  0    Dex: 10    Spells: 5/8 levels left

rFire   . . .      SeeInvis .   c - +1 sling
rCold   . . .      Faith    .   (no shield)
rNeg    . . .      Spirit   .   (helmet restricted)
rPois   .          Reflect  .   (no amulet)
rElec   .          Harm     .   (no ring)
rCorr   .          Rampage  .   (no ring)
Will    .....                   (no ring)
Stlth   +++.......              (no ring)
HPRegen 0.09/turn               (no ring)
MPRegen 0.10/turn               (no ring)
                                (no ring)
                                (no ring)

@: no status effects
A: almost no armour, amphibious, 8 rings, camouflage 1, gelatinous body 1,
(nimble swimmer 1), tentacles
a: no special abilities


You were on level 3 of the Dungeon.
You visited 1 branch of the dungeon, and saw 3 of its levels.

You collected 203 gold pieces.

Inventory:

Hand Weapons
 c - a +1 sling (weapon)
 t - the +10 short sword of Upyreeda {vorpal, rF+++ rC- Dex+2 Stlth+}
   (You found it on level 3 of the Dungeon)

   It inflicts extra damage upon your enemies.
   Dex:       It affects your dexterity (+2).
   rF:        It renders you almost immune to fire.
   rC:        It makes you vulnerable to cold.
   Stlth:     It makes you more stealthy.
Missiles
 k - 5 poisoned darts
 q - 2 atropa-tipped darts
Jewellery
 m - a ring of poison resistance
Scrolls
 b - a scroll of immolation {unknown}
 e - 2 scrolls of identify {unknown}
 f - a scroll of magic mapping {unknown}
 g - a scroll of torment {unknown}
 h - a scroll of teleportation {unknown}
 i - 2 scrolls of enchant weapon
 j - 2 scrolls of vulnerability {unknown}
 l - a scroll of silence {unknown}
 n - a scroll of brand weapon {unknown}
 r - a scroll of summoning {unknown}
Potions
 a - a potion of curing {unknown}
 d - 3 potions of heal wounds
 p - a potion of invisibility


   Skills:
 - Level 2.0 Dodging
 + Level 3.9 Stealth
 + Level 2.6 Spellcasting
 * Level 4.9 Conjurations
 + Level 0.3 Hexes


You had 5 spell levels left.
You knew the following spells:

 Your Spells              Type           Power      Damage    Failure   Level
a - Magic Dart            Conj           96%        1d7       1%          1
b - Searing Ray           Conj           48%        2d6       2%          2

Your spell library contained the following spells:

 Spells                   Type           Power      Damage    Failure   Level
 Dazzling Flash           Conj/Hex       28%        N/A       13%         3
 Fulminant Prism          Conj/Hex       7%         3d7       41%         4
 Iskenderun's Mystic Bla  Conj/Tloc      13%        2d5       43%         4


Dungeon Overview and Level Annotations

Branches:
Dungeon (3/15)

Altars:

Annotations:
D:3 exclusion: ice beast


Innate Abilities, Weirdness & Mutations

You cannot wear most types of armour.
You are amphibious.
You can wear up to eight rings at the same time.
Your skin changes colour to match your surroundings (Stealth+).
Your rubbery body absorbs attacks. (AC +1, EV +1)
((You are camouflaged when in or above water. (Stealth+)))
You have tentacles for arms and can constrict up to eight enemies at once.


Message History

The ogre is heavily wounded.
The searing ray hits the ogre.
The ogre is severely wounded.
You finish channelling your searing ray.
The ogre hits you with a +0 giant club!!
Ouch! That really hurt!
* * * LOW HITPOINT WARNING * * *
Casting: Searing Ray (safe; 2% risk of failure)
Confirm with . or Enter, or press ? or * to list all spells.
Okay, then.
Casting: Searing Ray (safe; 2% risk of failure)
Confirm with . or Enter, or press ? or * to list all spells.
Aiming: Magic Dart (safe; 1% risk of failure)
Press: ? - help, Shift-Dir - straight line, f/p - ogre
Aim: an ogre, wielding a +0 giant club (severely wounded, 100% to hit)
The magic dart hits the ogre.
The ogre is severely wounded.
Casting: Magic Dart (safe; 1% risk of failure)
Confirm with . or Enter, or press ? or * to list all spells.
Aiming: Magic Dart (safe; 1% risk of failure)
Press: ? - help, Shift-Dir - straight line, f/p - ogre
Aim: an ogre, wielding a +0 giant club (severely wounded, 100% to hit)
The magic dart hits the ogre.
The ogre is almost dead.
The ogre barely misses you.
You aren't carrying any items that you can evoke.
Fire: c) +1 sling
Press: ? - help, Q - select action, (/) - cycle Shift-Dir - straight line, f/p - ogre
Aim: an ogre, wielding a +0 giant club (almost dead, 70% to hit)
You shoot a sling bullet.
The sling bullet barely misses the ogre.
The ogre closely misses you.
Fire: c) +1 sling
Press: ? - help, Q - select action, (/) - cycle Shift-Dir - straight line, f/p - ogre
Aim: an ogre, wielding a +0 giant club (almost dead, 70% to hit)
You shoot a sling bullet.
The sling bullet barely misses the ogre.
The ogre hits you with a +0 giant club!!
Ouch! That really hurt!
You die...

# #.##..# #..# .#..# #.#..#...
####.##..###..#..# .# #.#†.#...
..............#..# #.#..#...
#.##..#..###..#..# #.#..#.##
#.....#.(.....#..##.#.# #..†.#.#
#####.#.#######..##.#.# #....#.#
.................#....# #....#.#
#####.##.#######O#..#.. #....#.#
#####.##.#######@#..#.####...#.#
.................#..#.#......#.##
#####.##......####..#.#.##.......
....#.###.###.# #..#.#..'.......
....#.# #.###.# #.......#.......
....#.# #..##.#####.#.#..#.......
'##.#.###...........#.##.########
...........................
.########.####...####.##.###


You could see an ogre.

Vanquished Creatures
  3 adders
  A worm (D:2)
  A dart slug (D:1)
  An orc (D:3)
  4 ball pythons
  2 bats (D:1)
  4 endoplasms
  A giant cockroach (D:1)
  4 goblins
  5 hobgoblins
  5 jackals
  2 quokkas (D:1)
  A frilled lizard (D:1)
  A kobold (D:1)
  5 rats
40 creatures vanquished.

Notes
Turn   | Place    | Note
-------+----------+-------------------------------------------
     0 | D:1      | ketsa the Octopode Conjurer began the quest for the Orb.
     0 | D:1      | Reached XP level 1. HP: 11/11 MP: 3/3
   321 | D:1      | Reached XP level 2. HP: 17/17 MP: 1/5
   419 | D:1      | Learned a level 2 spell: Searing Ray
  1138 | D:2      | Reached XP level 3. HP: 21/21 MP: 4/6
  1862 | D:2      | Found a faded altar of an unknown god.
  2121 | D:3      | Reached XP level 4. HP: 27/27 MP: 5/7
  2305 | D:3      | Identified the +10 short sword of Upyreeda {vorpal, rF+++
                  | rC- Dex+2 Stlth+}
  2326 | D:3      | Noticed an ice beast
  3148 | D:3      | Noticed an ogre
  3157 | D:3      | Annihilated by an ogre

Illustrated notes

Levels and vault maps discovered:
D:1:      sevenhm_arrival_forest_fort_small_6, layout_basic,
          nicolae_concentric_dashed_squares_wild, nicolae_titane
D:2:      layout_loops_cross, hellmonk_ecumenical_altar_crossroads
D:3:      layout_basic

Skill      XL: |  1 |
---------------+----+-----
Stealth        | 3 |  3.9
Dodging        | |  2.0
Spellcasting   | |  2.6
Conjurations   | |  4.9
Hexes          | |  0.3

Action                   |  1- 3 |  4- 6 || total
-------------------------+-------+-------++-------
Melee: Unarmed           |     2 |       ||     2
       Punch             |     1 |       ||     1
 Fire: Sling             |       |     2 ||     2
 Cast: Magic Dart        |    49 |    16 ||    65
       Searing Ray       |     5 |     3 ||     8
  Use: Scroll            |     1 |       ||     1
       Potion            |       |     5 ||     5
Armor: Skin              |     1 |       ||     1
Dodge: Dodged            |     4 |     8 ||    12
